 Dungeon Crawl Stone Soup version 0.20.1-1-g8b1a95d (webtiles) character file.

2773 Irenicus the Martial Artist (level 9, -9/70 HPs)
             Began as a Deep Dwarf Transmuter on Oct 20, 2017.
             Was a Follower of Makhleb.
             Killed by divine providence
             ... invoked by an orc priest
              (12 damage)
             ... on level 8 of the Dungeon.
             The game lasted 00:21:10 (5037 turns).

Irenicus the Martial Artist (Deep Dwarf Transmuter) Turns: 5037, Time: 00:21:10

Health: -9/70      AC:  2    Str: 15    XL:     9   Next: 42%
Magic:  12/19      EV: 20    Int: 15    God:    Makhleb [*.....]
Gold:   482        SH:  0    Dex: 21    Spells: 1/12 levels left

rFire    . . .     SeeInvis .     - Unarmed
rCold    + . .     Gourm    .   (shield currently unavailable)
rNeg     . . .     Faith    .   (armour currently unavailable)
rPois    x         Spirit   .   (helmet currently unavailable)
rElec    .         Reflect  .   (cloak currently unavailable)
rCorr    .         Harm     .   (gloves currently unavailable)
MR       ++...                  (boots currently unavailable)
Stlth    ++........             (no amulet)
Regen    0.0/turn               x - ring of protection from cold
MPRegen  0.2/turn               z - ring of magical power

@: spider-form, non-regenerating
A: damage resistance, heal wounds, magic resistance 1, sense surroundings 2,
strong 1, no regeneration
a: Heal Wounds, End Transformation, Renounce Religion


You were on level 8 of the Dungeon.
You worshipped Makhleb.
Makhleb was aware of your devotion.
You were not hungry.
You were a venomous arachnid creature.
You visited 1 branch of the dungeon, and saw 9 of its levels.

You collected 482 gold pieces.

Inventory:

Missiles
 a - 65 arrows
Armour
 b - a +0 robe (melded)
 j - +0 fire dragon scales
 l - a +0 pair of gloves (melded)
 o - a +0 pair of boots (melded)
 E - a +2 helmet
Jewellery
 g - a +2 ring of strength
 x - a ring of protection from cold (left front leg)
 z - a ring of magical power (right front leg)
Wands
 t - a wand of confusion (31/48)
 y - a wand of flame (34/48)
 A - a wand of polymorph (11/24)
 C - a wand of iceblast (6/15)
 F - a wand of confusion (17/48)
Scrolls
 e - 7 scrolls of identify {unknown}
 f - 4 scrolls of enchant armour {unknown}
 i - 2 scrolls of amnesia {unknown}
 n - 4 scrolls of blinking {unknown}
 q - a scroll of fear {unknown}
 s - a scroll of random uselessness {unknown}
 u - a scroll of fog {unknown}
 v - 3 scrolls of remove curse {unknown}
 w - a scroll of immolation {unknown}
Potions
 m - a potion of invisibility
 p - 3 potions of haste
 r - 2 potions of curing
 B - a potion of lignification
Books
 c - a book of Changes

   Spells                             Type                      Level
   a - Beastly Appendage              Transmutation                1
   b - Sticks to Snakes               Transmutation                2
   c - Spider Form                    Transmutation/Poison         3
   d - Ice Form                       Ice/Transmutation            4
   e - Blade Hands                    Transmutation                5
Comestibles
 d - 8 bread rations
 h - 4 royal jellies
 k - 2 meat rations
 D - 2 chunks of flesh


   Skills:
 - Level 1.1 Fighting
 - Level 2.1 Dodging
 + Level 9.3 Unarmed Combat
 - Level 2.0 Spellcasting
 + Level 7.2 Transmutations
 - Level 3.0 Poison Magic


You had one spell level left.
You knew the following spells:

 Your Spells              Type           Power        Failure   Level  Hunger
a - Beastly Appendage     Tmut           ###...       5%          1    #......
b - Sticks to Snakes      Tmut           ###.....     8%          2    ###....
c - Blade Hands           Tmut           ###.......   54%         5    ######.
e - Spider Form           Tmut/Pois      ###.......   22%         3    ###....


Dungeon Overview and Level Annotations

Branches:
Dungeon (9/15)             Temple (0/1) D:6
   Lair: D:8-11         Orc: D:9-12

Altars:
Fedhas
Gozag
Makhleb
Sif Muna

Shops:
D:8 [


Innate Abilities, Weirdness & Mutations

You are resistant to damage.
You can heal yourself by infusing magical energy.
You passively map the area around you.
You do not regenerate.
((You have a pair of small horns on your head.))
You are resistant to hostile enchantments. (MR+)
Your muscles are strong. (Str +2)


Message History

Deactivating autopickup; reactivate with Ctrl-A.
The warg barely misses you.
Your adder bites the warg.
You bite the warg!
You kill the warg!
Makhleb accepts your kill.
An orc priest comes into view. It is wielding a short sword.
You barely miss the warg. The warg bites your ball python!
Your ball python dies!
The warg bites you!
* * * LOW HITPOINT WARNING * * *
Your adder bites the warg.
The orc priest invokes the aid of Beogh against you.
Beogh smites you!
* * * LOW HITPOINT WARNING * * *
You fail to use your ability.
The warg bites you.
* * * LOW HITPOINT WARNING * * *
Your adder bites the warg.
The orc priest invokes the aid of Beogh against you.
Beogh smites you!
You die...

##### #...# * *** *
#...#*.. ,,
###########...##.# **
#........##...##.# * *
#........##...##.# * ,
##........##.Sh##.#####*
*
#>..........)sh.......#
,, ,
#.........#####.......#
, #.#########
#.......#..,, , #.#
#.........o #.#
#.........h , #.#
*#.....o.... #.# *
.......o...o, , #.. , ,
............. *,*
#......#####.. ,


You could see 2 wargs, an orc priest, an orc wizard and a friendly adder.

Vanquished Creatures
  Pikel (D:7)
  Prince Ribbit (D:7)
  A meliai zombie (D:7)
  A warg (D:8)
  A slave (D:7)
  2 ice beasts
  A black bear (D:7)
  An orc warrior (D:6)
  A phantom (D:7)
  4 ogres
  A centaur (D:6)
  A bullfrog (D:9)
  2 scorpions
  A howler monkey (D:4)
  A crimson imp (D:9)
  A hound (D:4)
  2 iguanas
  5 orc wizards
  2 worker ants
  A hound skeleton (D:6)
  A howler monkey skeleton (D:5)
  7 adders
  2 shadow imps (D:6)
  2 worms
  An adder zombie (D:6)
  3 dart slugs (D:2)
  3 leopard geckos
  19 orcs
  9 bats
  6 giant cockroaches
  3 goblins
  6 hobgoblins
  A jackal (D:4)
  2 quokkas
  3 ball pythons
  A frilled lizard (D:2)
  7 kobolds
  A quokka skeleton (D:6)
  6 rats
114 creatures vanquished.

Vanquished Creatures (collateral kills)
  A hippogriff (D:4)
  A hungry ghost (D:4)
  An orc warrior (D:7)
  A phantom (D:6)
  2 orc wizards
  A killer bee zombie (D:7)
  An adder (D:4)
  2 worms (D:2)
  4 orcs
  A giant cockroach (D:2)
  A hobgoblin (D:3)
  3 jackals (D:3)
19 creatures vanquished.

Grand Total: 133 creatures vanquished

Notes
Turn   | Place    | Note
-------+----------+-------------------------------------------
     0 | D:1      | Irenicus the Deep Dwarf Transmuter began the quest for the Orb.
     0 | D:1      | Reached XP level 1. HP: 16/16 MP: 3/3
    28 | D:1      | Reached skill level 1 in Fighting
    93 | D:1      | Reached skill level 3 in Unarmed Combat
   146 | D:1      | Reached XP level 2. HP: 25/25 MP: 4/4
   505 | D:2      | Learned a level 2 spell: Sticks to Snakes
   540 | D:2      | Reached XP level 3. HP: 21/31 MP: 1/5
   855 | D:2      | Reached skill level 4 in Unarmed Combat
  1216 | D:2      | Learned a level 3 spell: Spider Form
  1433 | D:3      | Reached XP level 4. HP: 8/38 MP: 1/7
  2155 | D:4      | Reached XP level 5. HP: 15/44 MP: 1/8
  2219 | D:4      | Noticed a hippogriff
  2248 | D:4      | Killed a hippogriff
  2248 | D:4      | Reached skill level 5 in Transmutations
  2248 | D:4      | Reached XP level 6. HP: 33/51 MP: 1/9
  2301 | D:4      | Reached skill level 1 in Poison Magic
  2340 | D:4      | Noticed a hungry ghost
  2370 | D:4      | Killed a hungry ghost
  2447 | D:4      | Reached XP level 7. HP: 28/57 MP: 3/10
  2788 | D:5      | Entered Level 5 of the Dungeon
  3109 | D:5      | Found a blossoming altar of Fedhas.
  3109 | D:5      | Found an opulent altar of Gozag.
  3138 | D:5      | Found a deep blue altar of Sif Muna.
  3189 | D:5      | Found a burning altar of Makhleb.
  3189 | D:5      | Noticed a cacodemon
  3192 | D:5      | Noticed a hellwing
  3192 | D:5      | Noticed an orange demon
  3194 | D:5      | Became a worshipper of Makhleb the Destroyer
  3392 | D:6      | Reached XP level 8. HP: 39/64 MP: 4/10
  3420 | D:6      | Found a staircase to the Ecumenical Temple.
  3427 | D:6      | HP: 2/64 [centaur (8)]
  3429 | D:6      | Reached skill level 5 in Unarmed Combat
  3490 | D:6      | Gained mutation: You are resistant to hostile enchantments. (MR+) [potion of mutation]
  3490 | D:6      | Gained mutation: Your muscles are strong. (Str +2) [potion of mutation]
  3490 | D:6      | Gained mutation: You have a pair of small horns on your head. [potion of mutation]
  3712 | D:6      | Reached * piety under Makhleb
  4027 | D:7      | Reached skill level 6 in Unarmed Combat
  4045 | D:7      | Noticed Prince Ribbit
  4119 | D:7      | Killed Prince Ribbit
  4119 | D:7      | Reached skill level 7 in Unarmed Combat
  4442 | D:7      | Noticed Pikel
  4458 | D:7      | Killed Pikel
  4458 | D:7      | Reached skill level 8 in Unarmed Combat
  4458 | D:7      | Gained mutation: You passively map the area around you. [Deep Dwarf growth]
  4458 | D:7      | Reached XP level 9. HP: 53/70 MP: 10/10
  4654 | D:8      | Found Hasadal's Armour Emporium.
  4711 | D:8      | You fall through a shaft!
  4733 | D:9      | Learned a level 5 spell: Blade Hands
  4864 | D:9      | Reached skill level 9 in Unarmed Combat
  4946 | D:9      | Noticed a troll
  4959 | D:9      | Noticed a troll
  5037 | D:8      | HP: 3/70 [warg (3)]
  5037 | D:8      | Killed from afar by an orc priest

Skill      XL: |  1  2  3  4  5  6  7  8  9 |
---------------+----------------------------+-----
Fighting       | 1 |  1.1
Unarmed Combat | 3 4 8 9 |  9.3
Spellcasting   | 2 |  2.0
Transmutations | 2 3 5 7 |  7.2
Poison Magic   | 2 3 |  3.0
Dodging        | |  2.1

Action                   |  1- 3 |  4- 6 |  7- 9 || total
-------------------------+-------+-------+-------++-------
Melee: Unarmed           |   134 |   109 |   233 ||   476
       Headbutt          |     9 |    11 |     2 ||    22
       Punch             |     3 |     2 |     1 ||     6
       Kick              |     2 |       |       ||     2
 Cast: Beastly Appendage |    16 |    12 |       ||    28
       Sticks to Snakes  |     7 |    19 |    17 ||    43
       Spider Form       |     1 |     2 |    28 ||    31
       Blade Hands       |       |       |     1 ||     1
 Abil: Heal Wounds       |       |     1 |    10 ||    11
  Use: Potion            |       |     5 |     7 ||    12
 Stab: Distracted        |       |     3 |     1 ||     4
       Sleeping          |       |     2 |     3 ||     5
  Eat: Chunk             |     2 |     9 |    11 ||    22
       Fruit             |       |     2 |     1 ||     3
       Meat ration       |       |       |     1 ||     1
Armor: Robe              |    21 |    16 |     4 ||    41
       Skin              |       |     2 |    17 ||    19
Dodge: Dodged            |    75 |    64 |   187 ||   326
